 Dungeon Crawl Stone Soup version 0.31-a0-1074-g0b22e4e0f1 (webtiles) character file.

Game seed: 4839629746374631776

310 cowhearter the Cutter (level 6, -1/38 HPs)
             Began as a Kobold Monk on Dec 3, 2023.
             Was a Believer of Wu Jian.
             Succumbed to an orc wizard's poison
             ... on level 5 of the Dungeon.
             The game lasted 00:10:19 (4163 turns).

cowhearter the Cutter (Kobold Monk)                 Turns: 4163, Time: 00:10:20

Health: -1/38      AC:  9    Str:  9    XL:     6   Next: 69%
Magic:  6/6        EV: 17    Int: 11    God:    Wu Jian [**....]
Gold:   157        SH:  0    Dex: 19    Spells: 5/5 levels left

rFire   . . .        p - +2 short sword (venom)
rCold   . . .        (no shield)
rNeg    . . .        b - +0 robe
rPois   .            (no helmet)
rElec   .            (no cloak)
rCorr   .            s - +2 pair of gloves
SInv    .            (no boots)
Will    .....        (no amulet)
Stlth   ++++         j - +4 ring of protection
HPRegen 0.26/turn    (no ring)
MPRegen 0.10/turn

%: no passive effects
@: lethally poisoned (-1 -> -8)
A: small, no large weapons, nightstalker 3
a: Renounce Religion, Wall Jump


You were on level 5 of the Dungeon.
You worshipped Wu Jian.
Wu Jian was pleased with you.
You visited 2 branches of the dungeon, and saw 6 of its levels.

You collected 157 gold pieces.

Inventory:

Hand Weapons
 a - a +0 short sword
 h - a +0 rapier
 p - a +2 short sword of venom (weapon)
 v - a +0 shortbow
 w - a +1 dagger of holy wrath
Missiles
 m - 6 silver javelins
Armour
 b - a +0 robe (worn)
 d - an orb of light
 k - a +1 pair of gloves
 s - a +2 pair of gloves (worn)
Jewellery
 j - a +4 ring of protection (left hand)
Scrolls
 e - a scroll of enchant weapon {unknown}
 f - a scroll of immolation {unknown}
 n - a scroll of revelation {unknown}
 o - a scroll of silence {unknown}
 q - 3 scrolls of amnesia {unknown}
 r - a scroll of torment {unknown}
 t - 2 scrolls of fog {unknown}
 u - 2 scrolls of identify {unknown}
 y - a scroll of enchant armour {unknown}
Potions
 c - a potion of ambrosia
 g - 2 potions of heal wounds
 i - 2 potions of haste {unknown}
 l - 3 potions of curing {unknown}
 x - a potion of berserk rage {unknown}


   Skills:
 + Level 3.8 Fighting
 * Level 6.8 Short Blades
 + Level 4.3 Dodging
 + Level 5.2 Stealth


You had 5 spell levels left.
You didn't know any spells.
Your spell library contained the following spells:

 Spells                   Type           Power      Damage    Failure   Level
 Foxfire                  Conj/Fire      0%         2x1d4     34%         1
 Plasma Beam              Fire/Air       0%         2x1d10    100%        6
 Starburst                Conj/Fire      0%         6d3       100%        6


Dungeon Overview and Level Annotations

Branches:
Dungeon (5/15)             Temple (1/1) D:4

Altars:
Cheibriados
Dithmenos
Elyvilon
Fedhas
Gozag
Qazlal
Ru
Vehumet
Wu Jian

Shops:
D:2 *

Annotations:
D:4 2 transporters


Innate Abilities, Weirdness & Mutations

You are small and have problems with some larger weapons.
You are completely attuned to the shadows.


Message History

The orc shoots a sling bullet.
The sling bullet closely misses you.
A magic dart appears from out of thin air!
The magic dart hits you.
The orc shoots a sling bullet.
The sling bullet closely misses you.
You bump into the rock wall.
The orc shoots a sling bullet.
The sling bullet closely misses you. Something hits you.
You are poisoned.
A gnoll comes into view. It is wielding a +0 flail.
Unknown command.
You feel very sick.
The gnoll hits you from afar with a +0 spear.
The orc unwields a +0 sling.
The orc wields a +0 hand axe.
The orc barely misses you. Something hits you but does no damage.
Unknown command.
You bump into the rock wall.
You feel less confused.
You feel sick. The gnoll misses you. Something hits you but does no damage.
You are lethally poisoned!
The orc misses you.
A gnoll comes into view. It is wielding a +0 flail.
* * * LOW HITPOINT WARNING * * *
You feel very sick.
The gnoll hits you from afar with a +0 spear.
* * * LOW HITPOINT WARNING * * *
Something hits you but does no damage.
The orc unwields a +0 hand axe.
The orc wields a +0 sling.
The orc shoots a sling bullet.
The sling bullet misses you.
You hear a shout!
The gnoll shouts!
Found a scroll labelled ANAFOS YPPUICH and a scroll labelled ZISIOKL MUEGUIM.
* * * LOW HITPOINT WARNING * * *
You feel very sick.
You hear a shout!
A gnoll bouda comes into view. It is wielding a +0 whip.
Unknown command.
* * * LOW HITPOINT WARNING * * *
You feel sick.
The orc shoots a sling bullet.
The sling bullet closely misses you.
The gnoll shouts!
You die...

.....§§§.##..###
.._..§§§.......#
§§§.....[.#......
§§...§§§#.......#
§.....########.# .
§§...## #..
..####...##### ###
.....#.....#.# #..
.?.#@#.......######..
.?....####...~~~....#
......######~≈≈≈~...#
....gg....#_~~.≈~....
......#go.##~≈≈≈~...#
......##g...#~~~.####
###..##........##
#..)...#.###.#
...))..#.. ..


You could see 3 gnolls.

Vanquished Creatures
  A centaur (D:4)
  A jelly (D:4)
  An orc priest (D:5)
  4 gnolls (D:3)
  4 adders
  3 worms
  2 dart slugs
  5 orcs
  2 bats
  11 endoplasms
  4 giant cockroaches
  5 goblins
  8 hobgoblins
  5 kobolds
  6 quokkas
  8 ball pythons
  5 frilled lizards
  5 rats
80 creatures vanquished.

Notes
Turn   | Place    | Note
-------+----------+-------------------------------------------
     0 | D:1      | cowhearter the Kobold Monk began the quest for the Orb.
     0 | D:1      | Reached XP level 1. HP: 14/14 MP: 1/1
   121 | D:1      | Reached XP level 2. HP: 16/19 MP: 2/2
   622 | D:1      | Reached XP level 3. HP: 23/23 MP: 3/3
   727 | D:1      | Found a faded altar of an unknown god.
   831 | D:1      | Reached skill level 5 in Short Blades
  1129 | D:2      | Found Iruthrob's General Store.
  1149 | D:2      | Reached XP level 4. HP: 29/29 MP: 4/4
  1216 | D:2      | Reached skill level 1 in Stealth
  2480 | D:3      | Found a stormy altar of Qazlal.
  2667 | D:3      | Reached XP level 5. HP: 33/33 MP: 5/5
  3141 | D:4      | Noticed a centaur
  3156 | D:4      | Killed a centaur
  3157 | D:4      | Reached skill level 6 in Short Blades
  3157 | D:4      | Reached XP level 6. HP: 26/38 MP: 6/6
  3302 | D:4      | Noticed a small abomination
  3308 | D:4      | Found a transporter.
  3316 | D:4      | Found a transporter.
  3504 | D:4      | Found a staircase to the Ecumenical Temple.
  3510 | Temple   | Entered the Ecumenical Temple
  3814 | Temple   | Became a worshipper of the Wu Jian Council
  3814 | Temple   | Reached * piety under Wu Jian
  3814 | Temple   | Reached ** piety under Wu Jian
  4010 | D:4      | Noticed a small abomination
  4088 | D:5      | Entered Level 5 of the Dungeon
  4116 | D:5      | Found a shadowy altar of Dithmenos.
  4127 | D:5      | Found a snail-covered altar of Cheibriados.
  4130 | D:5      | Reached skill level 5 in Stealth
  4162 | D:5      | HP: 1/38 [poisoned by an orc wizard]
  4163 | D:5      | Succumbed to an orc wizard's poison

Illustrated notes

Levels and vault maps discovered:
D:1:      pf_arrival_petrified_forest, layout_loops_ring,
          shapermc_ecumenical_altar_venn
D:2:      layout_loops_corners, serial_shops, shop, nrook_campfire
D:3:      layout_basic, mainiacjoe_overflow_catwalk, kennysheep_minor_cross
D:4:      layout_rooms, minmay_temple_entry_poolview,
          gammafunk_ghost_abyssal_escape
D:5:      layout_rooms, kennysheep_slug_shrine,
          chequers_temple_overflow_statue_of_worship, lemuel_tele_altar,
          nicolae_dithmenos_the_darkroom, uniq_eustachio, uniq_sigmund
Temple:   hellmonk_temple_beads

Skill      XL: |  1  2  3  4  5  6 |
---------------+-------------------+-----
Short Blades   | 5 6 |  6.8
Dodging        | 4 |  4.3
Stealth        | 2 4 5 |  5.2
Fighting       | |  3.8

Action                     |  1- 3 |  4- 6 || total
---------------------------+-------+-------++-------
  Melee: Short sword       |    57 |    79 ||   136
         Rapier            |    30 |    21 ||    51
         Punch             |       |     1 ||     1
Ability: Lunge             |       |     2 ||     2
         Whirlwind         |       |     1 ||     1
    Use: Potion            |       |     1 ||     1
   Stab: Sleeping          |     8 |    26 ||    34
 Armour: Robe              |    18 |    41 ||    59
  Dodge: Dodged            |    49 |    60 ||   109

Table legend: (Time is in decaauts)
 A = Elapsed time spent in this place.
 B = Non-inter-level travel time spent in this place.
 C = Inter-level travel time spent in this place.
 D = Time resting spent in this place.
 E = Time spent auto-exploring this place.
 F = Levels seen in this place.
 G = Mean time per level.
                   A        B        C        D        E       F      G
               +--------+--------+--------+--------+--------+-----+--------+
         Total |   4123 |   4123 |      0 |    424 |   2822 |   6 |  687.2 |
       Dungeon |   3694 |   3694 |      0 |    224 |   2822 |   5 |  738.8 |
        Temple |    429 |    429 |      0 |    200 |      0 |   1 |  429.0 |
               +--------+--------+--------+--------+--------+-----+--------+

Top non-repeatable levels by time:
     D:2: 1093 daAuts
     D:3: 1025 daAuts
     D:1: 895 daAuts
     D:4: 606 daAuts
  Temple: 429 daAuts
     D:5: 72 daAuts
